 Dungeon Crawl Stone Soup version 0.19.5 (webtiles) character file.

9691 JeffiDaFish the Blocker (level 11, -1/68 HPs)
             Began as a Gargoyle Fighter on Sept 26, 2017.
             Was a High Priest of Okawaru.
             Impaled on a porcupine's spines (3 damage)
             ... on level 1 of the Lair of Beasts.
             The game lasted 00:30:28 (9886 turns).

JeffiDaFish the Blocker (Gargoyle Fighter)          Turns: 9886, Time: 00:30:29

Health: -1/68      AC: 31    Str: 20    XL:     11   Next: 50%
Magic:  14/14      EV:  7    Int:  9    God:    Okawaru [*****.]
Gold:   599        SH: 13    Dex: 12    Spells: 0 memorised, 10 levels left

rFire  x . .     SeeInvis .     a - +0 war axe
rCold  + . .     Gourm    .     s - +0 plate armour
rNeg   + + .     Faith    .     c - +2 shield
rPois  ∞         Spirit   .     j - +1 helmet
rElec  +         Reflect  .     k - +2 cloak
rCorr  .         Harm     .     o - +2 pair of gloves
MR     .....                    v - +0 pair of boots
Stlth  ..........               (no amulet)
                                (no ring)
                                t - ring "Nouxitor" {Ice +Blink rN+ Slay+3}

@: no status effects
A: negative energy resistance 1, electricity resistance, unbreathing,
petrification resistance, rot immunity, AC +7
a: Heroism, Finesse, Renounce Religion, Evoke Blink


You were on level 1 of the Lair of Beasts.
You worshipped Okawaru.
Okawaru was extremely pleased with you.
You were not hungry.

You visited 3 branches of the dungeon, and saw 12 of its levels.

You collected 599 gold pieces.

Inventory:

Hand Weapons
 a - a +0 war axe (weapon)
Armour
 c - a +2 shield (worn)
 j - a +1 helmet (worn)
 k - a +2 cloak (worn)
 o - a +2 pair of gloves (worn)
 s - a +0 plate armour (worn)
 v - a +0 pair of boots (worn)
Jewellery
 t - the ring "Nouxitor" (left hand) {Ice +Blink rN+ Slay+3}
   (You found it on level 6 of the Dungeon)

   [ring of ice]

   It enhances your ice magic.
   It affects your accuracy and damage with ranged weapons and melee attacks
   (+3).
   It makes you vulnerable to fire.
   It protects you from cold.
   It protects you from negative energy.
   It lets you blink.
Wands
 r - a wand of teleportation (6/9)
Scrolls
 e - 3 scrolls of identify
 g - 3 scrolls of teleportation
 l - 2 scrolls of fog
 m - 6 scrolls of remove curse
 n - 4 scrolls of recharging
 q - 2 scrolls of fear
 y - a scroll of blinking
Potions
 w - a potion of flight
 x - a potion of brilliance
Books
 d - a book of Unlife

   Spells                             Type                      Level
   a - Recall                         Summoning/Translocation      3
   b - Animate Dead                   Necromancy                   4
   c - Control Undead                 Necromancy                   4
   d - Cigotuvi's Embrace             Necromancy                   5
   e - Death Channel                  Necromancy                   6
   f - Simulacrum                     Ice/Necromancy               6
Comestibles
 b - a slice of pizza
 f - 4 bread rations
 h - 6 meat rations
 i - 4 beef jerkies
 p - 3 fruits
 u - a royal jelly
 z - 8 chunks of flesh


   Skills:
 * Level 8.2 Fighting
 * Level 9.3 Axes
 * Level 7.7 Armour
 + Level 4.4 Dodging
 - Level 0.2 Stealth
 * Level 9.4 Shields
 + Level 4.3 Invocations
 + Level 3.5 Evocations


You had 10 spell levels left.
You didn't know any spells.

Dungeon Overview and Level Annotations

Branches:
Dungeon (9/15)             Temple (1/1) D:4            Lair (2/6) D:8
  Swamp: Lair:2-4    Shoals: Lair:2-4     Snake: Lair:2-4    Spider: Lair:2-4
    Orc: D:9-12

Altars:
Ashenzari
Cheibriados
Elyvilon
Fedhas
Gozag
Hepliaklqana
Kikubaaqudgha
Okawaru
Qazlal
Ru
Uskayaw
Vehumet
The Shining One

Shops:
D:9 %


Innate Abilities, Weirdness & Mutations

You are resistant to torment.
Your stone body is resilient. (AC +7)
You are immune to poison.
You resist negative energy. (rN+)
You are resistant to electric shocks. (rElec)
You can survive without breathing.
You are immune to petrification.
You are immune to rotting.


Message History

* * * LOW HITPOINT WARNING * * *
You hit the porcupine.
The porcupine is severely wounded.
You slash the plant!
The porcupine bites you but does no damage.
You block the porcupine's attack.
Okay, then.
You completely miss the porcupine.
The porcupine is severely wounded.
You block the porcupine's attack.
You completely miss the porcupine.
The porcupine is severely wounded.
The porcupine closely misses you.
You hit the porcupine.
The porcupine is severely wounded.
The porcupine twitches its whiskers.
The porcupine bites you but does no damage.
You block the porcupine's attack.
You are struck by the porcupine's spines.
You die...

#........ ### #### #.#######
#####.###P.#### #.## # ###
##.............###..####
###.####..#.#######P..#.#..#..###
..........#.## ##..#..........
.P########..(#######..#....#####.
.##.......).....##P#.............
.##.##.####.##..@r†......#...##..
.##.#### ##.##..####..####..##...
.##...# #P.P.#.#.#.r## #.#.....
......# ##.....>.r..# #.......
......## #########.## ##.#.....
.......# ### #..#..... .......#
##.##.... .......## #..##....
..##.#..### ### ##..#..#.


You could see a porcupine.

Vanquished Creatures
  The ghost of JeffiDaFish the Cleaver, a journeyman GrFi of Okawaru (D:9)
  A spiny frog (Lair:1)
  The ghost of duckroller the Insei, a novice DgTm (D:5)
  A torpor snail (Lair:1)
  The ghost of Vinniefish the Skirmisher, an amateur OgFi of Okawaru (D:4)
  A komodo dragon (Lair:1)
  A troll (D:9)
  A two-headed ogre (D:9)
  6 blink frogs
  2 hippogriffs
  Sigmund (D:5)
  6 yaks
  A steam dragon (D:9)
  2 water moccasins
  A porcupine (Lair:1)
  2 ice beasts (D:7)
  4 orc warriors
  2 sky beasts
  An eye of draining (D:8)
  6 ogres
  2 phantoms
  6 centaurs
  3 crocodiles (Lair:1)
  A bullfrog (D:8)
  A water moccasin zombie (D:8)
  A gnoll sergeant (D:5)
  5 scorpions
  3 killer bees (D:7)
  6 wights
  2 howler monkeys
  2 crimson imps
  2 quasits (D:9)
  A bullfrog zombie (D:6)
  A centaur zombie (D:9)
  2 bullfrog skeletons (D:5)
  4 orc priests
  4 hounds
  3 iguanas
  7 worker ants
  10 orc wizards
  4 hound skeletons
  A howler monkey skeleton (D:9)
  5 gnolls (D:5)
  A worker ant zombie (D:6)
  8 adders
  2 oozes
  2 adder skeletons
  3 adder zombies
  3 worms
  3 leopard geckos
  27 orcs
  A ball python (D:4)
  2 bats (D:2)
  7 giant cockroaches
  6 goblins
  7 hobgoblins
  7 jackals
  10 kobolds
  9 quokkas
  5 frilled lizards
  A jackal skeleton (D:4)
  A quokka skeleton (D:7)
  7 rats
  2 fungi
  A plant (D:9)
233 creatures vanquished.

Vanquished Creatures (others)
  An orc (D:8)
1 creature vanquished.

Grand Total: 234 creatures vanquished

Notes
Turn   | Place    | Note
-------+----------+-------------------------------------------
     0 | D:1      | JeffiDaFish the Gargoyle Fighter began the quest for the Orb.
     0 | D:1      | Reached XP level 1. HP: 14/14 MP: 1/1
   140 | D:1      | Reached XP level 2. HP: 4/19 MP: 2/2
   765 | D:1      | Reached XP level 3. HP: 23/23 MP: 3/3
   941 | D:2      | Reached skill level 1 in Dodging
  1027 | D:2      | Found a blossoming altar of Fedhas.
  1046 | D:2      | Reached XP level 4. HP: 28/28 MP: 4/4
  1128 | D:2      | Found a faded altar of an unknown god.
  1471 | D:3      | Noticed a centaur
  1487 | D:3      | Killed a centaur
  1487 | D:3      | Reached XP level 5. HP: 15/33 MP: 5/5
  1762 | D:3      | Gained mutation: You are partially covered in large bone plates. (SH +4) [potion of mutation]
  1762 | D:3      | Gained mutation: You are surrounded by a mild repulsion field. (EV +2) [potion of mutation]
  2418 | D:4      | Reached XP level 6. HP: 34/38 MP: 6/6
  2513 | D:4      | Found a staircase to the Ecumenical Temple.
  2606 | D:4      | Noticed Vinniefish's ghost (amateur OgFi)
  2617 | D:4      | Killed Vinniefish's ghost
  2617 | D:4      | Reached skill level 5 in Axes
  2617 | D:4      | Reached skill level 5 in Shields
  2617 | D:4      | Reached XP level 7. HP: 27/43 MP: 7/7
  2627 | D:4      | Identified the cursed +0 ring mail "Umoese" {rF+ Int-2 Dex+3} (You found it on level 4 of the Dungeon)
  3045 | D:5      | Entered Level 5 of the Dungeon
  3242 | D:5      | Found a snail-covered altar of Cheibriados.
  3257 | D:5      | Reached XP level 8. HP: 6/48 MP: 8/8
  3709 | D:5      | Noticed Sigmund
  3720 | D:5      | Killed Sigmund
  3823 | D:5      | Noticed duckroller's ghost (novice DgTm)
  3837 | D:5      | Killed duckroller's ghost
  4137 | D:6      | Reached XP level 9. HP: 53/53 MP: 9/9
  4676 | Temple   | Entered the Ecumenical Temple
  4685 | Temple   | Became a worshipper of Warmaster Okawaru
  4814 | D:6      | Reached skill level 5 in Fighting
  4829 | D:6      | Lost mutation: You are surrounded by a mild repulsion field. (EV +2) [potion of cure mutation]
  4829 | D:6      | Lost mutation: You are partially covered in large bone plates. (SH +4) [potion of cure mutation]
  4868 | D:6      | Got a crude turquoise ring
  4869 | D:6      | Identified the ring "Nouxitor" {Ice +Blink rN+ Slay+3} (You found it on level 6 of the Dungeon)
  5306 | D:7      | Reached skill level 5 in Armour
  5347 | D:7      | Reached skill level 1 in Invocations
  5409 | D:7      | Found a stormy altar of Qazlal.
  5518 | D:7      | Reached * piety under Okawaru
  5518 | D:7      | Reached skill level 1 in Evocations
  5822 | D:7      | Found a hazy altar of Hepliaklqana.
  6367 | D:8      | Reached XP level 10. HP: 42/60 MP: 11/11
  6377 | D:8      | Reached ** piety under Okawaru
  6384 | D:8      | Found a staircase to the Lair.
  6788 | D:8      | Found an opulent altar of Gozag.
  7198 | D:9      | Noticed JeffiDaFish's ghost (journeyman GrFi)
  7642 | D:9      | Found Quod's Food Shop.
  7664 | D:9      | Reached *** piety under Okawaru
  7809 | D:9      | Found a white marble altar of Elyvilon.
  7933 | D:9      | Found a sacrificial altar of Ru.
  8092 | D:9      | Killed JeffiDaFish's ghost
  8321 | D:9      | Reached **** piety under Okawaru
  8393 | D:9      | Noticed a green ugly thing
  8425 | D:9      | Reached XP level 11. HP: 32/67 MP: 13/13
  8886 | Lair:1   | Entered Level 1 of the Lair of Beasts
  9779 | Lair:2   | Reached ***** piety under Okawaru
  9860 | Lair:2   | Noticed a death yak
  9881 | Lair:1   | HP: 1/68 [porcupine's spines (9)]
  9886 | Lair:1   | Impaled on a porcupine's spines

Skill      XL: |  1  2  3  4  5  6  7  8  9 10 11 |
---------------+----------------------------------+-----
Axes           | 2 3 5 7 8 9 |  9.3
Dodging        | 1 2 3 4 |  4.4
Shields        | 4 5 6 7 8 9 |  9.4
Armour         | 4 5 6 7 |  7.7
Fighting       | 4 6 7 8 |  8.2
Invocations    | 2 3 4 |  4.3
Evocations     | 1 3 |  3.5
Stealth        | |  0.2

Action                   |  1- 3 |  4- 6 |  7- 9 | 10-12 || total
-------------------------+-------+-------+-------+-------++-------
Melee: War axe           |   109 |   182 |   392 |   385 ||  1068
  Use: Scroll            |     7 |     2 |     6 |     4 ||    19
       Potion            |     2 |     4 |     6 |     5 ||    17
  Eat: Chunk             |     1 |     5 |     8 |    12 ||    26
       Meat ration       |       |       |     1 |       ||     1
Armor: Scale mail        |    52 |    71 |       |       ||   123
       Ring mail         |       |       |   129 |       ||   129
       Plate armour      |       |       |     9 |   255 ||   264
Dodge: Dodged            |    36 |    39 |   123 |   115 ||   313
Block: Shield            |    72 |   140 |   278 |   280 ||   770
